 Dungeon Sprint DCSS version 0.30.1 (webtiles) character file.

Game seed: 14446009738938768784

0 boopmooplesden the Ducker (level 3, -1/28 HPs)
             Began as a Demonspawn Gladiator on July 8, 2023.
             Was an Initiate of Trog.
             Slain by a black bear (6 damage)
             ... in the Dungeon (Sprint VI: "Thunderdome").
             The game lasted 00:01:01 (146 turns).

boopmooplesden the Ducker (Demonspawn Gladiator)     Turns: 146, Time: 00:01:03

Health: -1/28      AC:  3    Str: 16    XL:     3   Next: 19%
Magic:  3/3        EV: 14    Int:  9    God:    Trog [......]
Gold:   65         SH:  5    Dex: 22    Spells: 2/2 levels left

rFire   x . .        a - +0 quarterstaff
rCold   + . .        (shield currently unavailable)
rNeg    + . .        b - +0 leather armour
rPois   .            (helmet restricted)
rElec   .            (no cloak)
rCorr   +            (no gloves)
SInv    .            (no boots)
Will    .....        q - amulet "Micvuh" {Reflect rN+ rCorr SH+5}
Stlth   ++           r - ring of Mirth {rCorr Dex+2}
HPRegen 0.24/turn    p - ring "Tenuiwem" {Ice Will- Dex+6}
MPRegen 0.08/turn

%: no teleportation, reflection
@: no status effects
A: horns 1, ignite blood 1
a: Renounce Religion


You were in the Dungeon.
You worshipped Trog.
Trog was noncommittal.
You visited 1 branch You collected 200 gold pieces.
You spent 135 gold pieces at shops.

Inventory:

Hand Weapons
 a - a +0 quarterstaff (weapon)
Missiles
 d - 2 throwing nets (quivered)
 e - a javelin
Armour
 b - a +0 leather armour (worn)
 c - a +0 helmet
Jewellery
 p - the ring "Tenuiwem" (right hand) {Ice Will- Dex+6}
   (You bought it in a shop in the Dungeon)

   [ring of ice]

   It enhances your ice magic.
   Dex:       It affects your dexterity (+6).
   rF:        It makes you vulnerable to fire.
   rC:        It protects you from cold.
   Will:      It decreases your willpower.
 q - the amulet "Micvuh" (around neck) {Reflect rN+ rCorr SH+5}
   (You bought it in a shop in the Dungeon)

   [amulet of reflection]

   It reflects blocked missile attacks.
   rN:        It protects you from negative energy.
   rCorr:     It protects you from acid and corrosion.
   SH:        It affects your SH (+5).
 r - the ring of Mirth (left hand) {rCorr Dex+2}
   (You bought it in a shop in the Dungeon)

   [ring of resist corrosion]

   Dex:       It affects your dexterity (+2).
   rCorr:     It protects you from acid and corrosion.
Wands
 m - a wand of quicksilver (5)
 n - a wand of iceblast (5)
Scrolls
 k - 4 scrolls of blinking
 o - 3 scrolls of fog
Potions
 f - a potion of curing
 g - 4 potions of heal wounds
 h - 4 potions of haste
 i - 2 potions of magic
 j - a potion of berserk rage
 l - a potion of resistance


   Skills:
 + Level 2.9 Fighting
 + Level 4.4 Staves
 + Level 2.5 Throwing
 + Level 0.1 Armour
 + Level 4.5 Dodging


You had 2 spell levels left.
You didn't know any spells.
Your spell library was empty.

Dungeon Overview and Level Annotations

Branches:
Dungeon (1/1)

Altars:
Cheibriados
Dithmenos
Fedhas
Gozag
Kikubaaqudgha
Makhleb
Okawaru
Qazlal
Ru
Sif Muna
Trog
Uskayaw
Vehumet
Wu Jian
Xom
Yredelemnul
Lugonu

Shops:
D *[??*?*:[((!!!!


Innate Abilities, Weirdness & Mutations

You have a pair of small horns on your head.
Your demonic aura sometimes causes spilled blood to erupt in flames.


Message History

The black bear is heavily wounded.
The black bear bites you. The black bear barely misses you. x2
You hit the black bear. Your headbutt misses the black bear.
The black bear is heavily wounded.
The black bear completely misses you. The black bear claws you.
The black bear closely misses you.
You closely miss the black bear.
The black bear is heavily wounded.
You block the black bear's attack. The black bear barely misses you.
The black bear claws you.
You closely miss the black bear.
The black bear is heavily wounded.
The black bear barely misses you. The black bear misses you.
The black bear claws you but does no damage.
You thump the black bear!
The black bear is almost dead.
The black bear goes berserk!
You hit the black bear but do no damage.
The black bear is almost dead.
The black bear bites you. The black bear barely misses you.
You block the black bear's attack. x2
The black bear claws you but does no damage.
The black bear closely misses you.
You closely miss the black bear.
The black bear is almost dead.
The black bear closely misses you. The black bear barely misses you. x2
You barely miss the black bear.
The black bear is almost dead.
The black bear bites you. The black bear barely misses you.
The black bear claws you but does no damage.
The black bear bites you. The black bear claws you.
The black bear claws you but does no damage.
You hit the black bear.
The black bear is almost dead.
The black bear barely misses you. x2; The black bear claws you.
* * * LOW HITPOINT WARNING * * *
The black bear bites you.
* * * LOW HITPOINT WARNING * * *
The black bear claws you.
You die...

#∩.......∩# #........_#
#_......._# #_......._#
###.........###
#⌠...........⌠#
######.8.........8.#####
##.___...h..###......___∩
###∩......@.8.# #.8........
##.............###..........
#⌠..........###...###.......
#⌠..........# #.<.# #.......
#⌠..........###...###.......
##.............###..........
###∩........8.# #.8†.......
##∩.__......###......___∩
######.8.........8.#####


You could see a black bear (berserk).

Vanquished Creatures
  An iguana (D)
  An adder (D)
  A bat (D)
3 creatures vanquished.

Notes
Turn   | Place    | Note
-------+----------+-------------------------------------------
     0 | D        | boopmooplesden the Demonspawn Gladiator began the quest for
                  | the Orb.
     0 | D        | Reached XP level 1. HP: 16/16 MP: 1/1
     3 | D        | Found an ancient bone altar of Kikubaaqudgha.
     3 | D        | Found a stormy altar of Qazlal.
     4 | D        | Found a blossoming altar of Fedhas.
     4 | D        | Found a bloodstained altar of Trog.
     5 | D        | Found an iron altar of Okawaru.
     5 | D        | Round 1.
     6 | D        | Found a shadowy altar of Dithmenos.
     6 | D        | Found an ornate altar of the Wu Jian Council.
     6 | D        | Found Attez's Identification Station.
     7 | D        | Found Mudus's Jewellery.
     7 | D        | Found Oti Waimn's Advanced Armour.
    15 | D        | Bought a glittering wooden ring for 45 gold pieces
    15 | D        | Identified the ring "Tenuiwem" {Ice Will- Dex+6} (You
                  | bought it in a shop in the Dungeon)
    15 | D        | Bought a bound emerald amulet for 45 gold pieces
    15 | D        | Identified the amulet "Micvuh" {Reflect rN+ rCorr SH+5}
                  | (You bought it in a shop in the Dungeon)
    15 | D        | Bought a scintillating pewter ring for 45 gold pieces
    15 | D        | Identified the ring of Mirth {rCorr Dex+2} (You bought it
                  | in a shop in the Dungeon)
    27 | D        | Found a sacrificial altar of Ru.
    28 | D        | Found Rafus's Premium Goods.
    29 | D        | Found Everom's Miscellaneous Merchandise.
    29 | D        | Found Cobbyowe's Basic Armour.
    30 | D        | Found a snail-covered altar of Cheibriados.
    30 | D        | Found a burning altar of Makhleb.
    30 | D        | Found Pedupat's Weapon Rack.
    39 | D        | Found a shimmering blue altar of Sif Muna.
    52 | D        | Noticed an iguana
    53 | D        | Gained mutation: Your demonic aura sometimes causes spilled
                  | blood to erupt in flames. [demonic ancestry]
    53 | D        | Reached XP level 2. HP: 19/23 MP: 2/2
    66 | D        | Gained mutation: You have a pair of small horns on your
                  | head. [demonic ancestry]
    66 | D        | Reached XP level 3. HP: 16/28 MP: 3/3
    66 | D        | Found Siwkiec's Do-It-Yourself Clinic.
    66 | D        | Found an opulent altar of Gozag.
    66 | D        | Found a radiant altar of Vehumet.
    66 | D        | Found a hide-covered altar of Uskayaw.
    66 | D        | Found Jaqessit's Distillery.
    67 | D        | Found Buaqath's Bottled Wisdom.
    67 | D        | Found Fuarum's Distillery.
    70 | D        | Found a basalt altar of Yredelemnul.
    71 | D        | Found a corrupted altar of Lugonu.
    72 | D        | Found a shimmering altar of Xom.
    73 | D        | Found Fubotwid's Staff Store.
    73 | D        | Found Zumitti's Magic Scroll Shop.
    74 | D        | Found Doocu's Must-Have Magic.
    74 | D        | Found Woakhov's Magic Scroll Shop.
    81 | D        | Became a worshipper of Trog the Wrathful
   132 | D        | Noticed a black bear
   146 | D        | Slain by a black bear

Illustrated notes

Levels and vault maps discovered:
D:        arena_sprint

Skill      XL: |  1  2 |
---------------+-------+-----
Staves         | 3 4 |  4.4
Dodging        | 3 4 |  4.5
Throwing       | 2 |  2.5
Fighting       | |  2.9
Armour         | |  0.1

Action                     || total
---------------------------++-------
  Melee: Quarterstaff      ||    26
         Headbutt          ||     2
  Throw: Throwing net      ||     1
 Armour: Leather armour    ||     6
  Dodge: Dodged            ||    30
  Block: Other             ||     5
